 Dungeon Crawl Stone Soup version 0.26-a0-64-g059e62f (webtiles) character file.

Game seed: 16927965210855867707

5863 Cheivey the Grappler (level 10, -3/92 HPs)
             Began as a Troll Monk on June 11, 2020.
             Was an Elder of Okawaru.
             Killed by the air
             ... invoked by Gastronok
              (24 damage)
             ... on level 9 of the Dungeon.
             The game lasted 00:16:45 (8252 turns).

Cheivey the Grappler (Troll Monk)                   Turns: 8252, Time: 00:16:46

Health: -3/92      AC: 11    Str: 23    XL:     10   Next: 52%
Magic:  11/11      EV: 12    Int:  7    God:    Okawaru [****..]
Gold:   574        SH:  0    Dex: 12    Spells: 9/9 levels left

rFire    . . .     SeeInvis .     - Unarmed
rCold    . . .     Gourm    +   (no shield)
rNeg     . . .     Faith    .   a - +2 robe
rPois    .         Spirit   .   (helmet restricted)
rElec    .         Reflect  .   h - +2 cloak
rCorr    .         Harm     .   (gloves unavailable)
MR       .....                  (boots unavailable)
Stlth    ++........             (no amulet)
HPRegen  0.65/turn              (no ring)
MPRegen  0.12/turn              (no ring)

@: no status effects
A: large, unfitting armour, claws 3, fast metabolism 3, gourmand, regeneration
1, shaggy fur 1, tough skin 3
a: Heroism, Renounce Religion


You were on level 9 of the Dungeon.
You worshipped Okawaru.
Okawaru was greatly pleased with you.
You were very full.

You visited 2 branches of the dungeon, and saw 10 of its levels.
You also visited: Sewer and Ossuary.

You collected 574 gold pieces.

Inventory:

Hand Weapons
 y - a +0 giant spiked club
Armour
 a - a +2 robe (worn)
 h - a +2 cloak (worn)
Jewellery
 g - an uncursed ring of magical power
 p - a +6 ring of dexterity {unknown}
Wands
 c - a wand of random effects (35)
 q - a wand of acid (14)
 t - a wand of polymorph (2)
Scrolls
 e - a scroll of enchant armour
 f - 9 scrolls of teleportation
 m - 2 scrolls of fog
 n - 2 scrolls of fear
 o - 2 scrolls of identify
 r - 8 scrolls of remove curse
 s - 4 scrolls of amnesia
 u - a scroll of random uselessness {unknown}
 x - a scroll of summoning {unknown}
 z - a scroll of immolation {unknown}
 B - a scroll of magic mapping {unknown}
Potions
 d - 2 potions of haste
 i - 4 potions of lignification
 j - 6 potions of curing
 k - 3 potions of flight
 l - a potion of invisibility
 v - a potion of stabbing
 w - a potion of might {unknown}
 C - 2 potions of brilliance
 D - a potion of berserk rage {unknown}
Comestibles
 b - 18 rations
 A - a chunk of flesh


   Skills:
 + Level 4.0 Fighting
 * Level 2.1 Throwing
 + Level 6.0 Dodging
 - Level 3.0 Stealth
 + Level 12.1 Unarmed Combat
 * Level 3.9 Invocations


You had 9 spell levels left.
You didn't know any spells.
Your spell library was empty.

Dungeon Overview and Level Annotations

Branches:
Dungeon (9/15)             Temple (1/1) D:5           Sewer (visited)
Ossuary (visited)
   Lair: D:8-11         Orc: D:9-12

Altars:
Ashenzari
Cheibriados
Elyvilon
Fedhas
Okawaru
Qazlal
Ru
Trog
Vehumet
Wu Jian
Xom

Shops:
D:6 (   D:8 [

Annotations:
D:6 exclusion: oklob plant
D:9 Gastronok


Innate Abilities, Weirdness & Mutations

You are too large for most types of armour.
You have claws for hands.
Your metabolism is lightning-fast.
You like to eat raw meat.
Your natural rate of healing is unusually fast.
You are covered in fur. (AC +1)
You have extremely tough skin. (AC +3)


Message History

Gastronok waves his eye-stalks in wide circles.
The air twists around and strikes you!!
You claw Gastronok!
Gastronok is moderately wounded.
Gastronok bites you!!
* * * LOW HITPOINT WARNING * * *
You claw Gastronok!
Gastronok is moderately wounded.
You mangle Gastronok!!
Gastronok is heavily wounded.
Gastronok casts a spell.
You feel a sudden, passing aversion to salt.
You mangle Gastronok!!
Gastronok is heavily wounded.
You claw Gastronok!
Gastronok is severely wounded.
You feel yourself speed up.
Gastronok waves his eye-stalks in wide circles.
The air twists around and strikes you!!
You die...

+..# .. #... ..... #..#
#..... #..#
#.....######+##.#
................+
..........!....w#####+#
...............@.......
#..........).).......
#/.......)...)...####
#....<...........#
##################


You could see Gastronok.

Vanquished Creatures
  A two-headed ogre (D:8)
  An ugly thing (D:7)
  2 hippogriffs
  A spriggan (D:7)
  3 yaks (D:4)
  2 wraiths (Ossuary)
  2 orc warriors
  5 ice beasts
  3 sky beasts
  A necrophage (D:8)
  4 ogres
  2 phantoms
  A centaur (D:8)
  A big kobold (D:8)
  2 scorpions
  9 wights
  2 howler monkeys (D:8)
  2 crimson imps
  2 bullfrog zombies
  5 orc priests
  4 centaur skeletons
  3 bullfrog skeletons
  6 hounds
  3 iguanas (D:8)
  8 orc wizards
  5 worker ants
  2 hound zombies
  Robin (D:3)
  2 worker ant zombies
  11 adders
  2 adder skeletons (D:5)
  2 adder zombies (Ossuary)
  A worm (D:6)
  4 dart slugs
  4 leopard geckos
  25 orcs
  13 bats
  5 giant cockroaches
  14 goblins
  10 hobgoblins
  16 jackals
  10 kobolds
  2 quokkas
  5 ball pythons
  9 frilled lizards
  2 hobgoblin skeletons (Ossuary)
  A kobold zombie (Ossuary)
  A leopard gecko skeleton (D:6)
  An orc zombie (Ossuary)
  2 quokka skeletons
  11 rats
236 creatures vanquished.

Vanquished Creatures (others)
  A goblin (D:3)
  2 plants (D:6)
3 creatures vanquished.

Grand Total: 239 creatures vanquished

Notes
Turn   | Place    | Note
-------+----------+-------------------------------------------
     0 | D:1      | Cheivey the Troll Monk began the quest for the Orb.
     0 | D:1      | Reached XP level 1. HP: 22/22 MP: 0/0
   165 | D:1      | Reached XP level 2. HP: 29/29 MP: 1/1
   667 | D:1      | Reached XP level 3. HP: 35/36 MP: 2/2
  1282 | D:2      | Reached XP level 4. HP: 44/44 MP: 3/3
  1316 | D:2      | Reached skill level 4 in Unarmed Combat
  1634 | D:3      | Reached XP level 5. HP: 51/52 MP: 4/4
  1707 | D:3      | Found a sacrificial altar of Ru.
  1782 | D:3      | Noticed Robin
  1797 | D:3      | Killed Robin
  2037 | D:3      | Reached skill level 5 in Unarmed Combat
  2055 | D:3      | Reached XP level 6. HP: 42/59 MP: 5/5
  2838 | D:4      | Found a shattered altar of Ashenzari.
  2882 | D:4      | Noticed a yak
  2886 | D:4      | Noticed a yak
  2886 | D:4      | Noticed a yak
  3280 | D:4      | Reached skill level 6 in Unarmed Combat
  3410 | D:4      | Reached XP level 7. HP: 65/67 MP: 6/6
  3506 | D:4      | Killed a yak
  3511 | D:4      | Killed a yak
  3511 | D:4      | Reached skill level 7 in Unarmed Combat
  3517 | D:4      | Killed a yak
  3517 | D:4      | Reached XP level 8. HP: 8/75 MP: 7/7
  3761 | D:4      | You fall into a shaft and drop 2 floors!
  3792 | D:6      | Found a blossoming altar of Fedhas.
  3930 | D:5      | Entered Level 5 of the Dungeon
  4253 | D:4      | Found a shimmering altar of Xom.
  4288 | D:5      | Reached skill level 8 in Unarmed Combat
  4458 | D:5      | Found a glowing drain.
  4465 | Sewer    | Entered a sewer
  4867 | D:5      | Found a staircase to the Ecumenical Temple.
  4920 | D:5      | Reached skill level 9 in Unarmed Combat
  4963 | Temple   | Entered the Ecumenical Temple
  4970 | Temple   | Became a worshipper of Warmaster Okawaru
  4970 | Temple   | Reached * piety under Okawaru
  4970 | Temple   | Reached ** piety under Okawaru
  5565 | D:6      | Found a bloodstained altar of Trog.
  5569 | D:6      | Reached XP level 9. HP: 83/83 MP: 8/8
  5655 | D:6      | Found Ceibimik's Weapon Boutique.
  5791 | D:6      | Got a diamond-studded plate armour
  5792 | D:6      | Identified the cursed +1 plate armour "Tapowa Juor" {rF+
                  | MR+ Regen+} (You found it on level 6 of the Dungeon)
  5839 | D:6      | Found a snail-covered altar of Cheibriados.
  6093 | D:6      | Noticed an oklob plant
  6366 | D:7      | Reached skill level 10 in Unarmed Combat
  6428 | D:7      | Found a sand-covered staircase.
  6433 | Ossuary  | Entered an ossuary
  6484 | Ossuary  | Reached skill level 1 in Invocations
  6625 | Ossuary  | Reached skill level 5 in Dodging
  6661 | Ossuary  | Reached *** piety under Okawaru
  7157 | D:7      | Noticed a brown ugly thing
  7168 | D:7      | Killed a brown ugly thing
  7168 | D:7      | Reached skill level 11 in Unarmed Combat
  7280 | D:7      | Reached **** piety under Okawaru
  7287 | D:7      | Reached XP level 10. HP: 50/92 MP: 11/11
  7653 | D:8      | Noticed a two-headed ogre
  7657 | D:8      | Killed a two-headed ogre
  7657 | D:8      | Reached skill level 1 in Throwing
  7700 | D:8      | Reached skill level 12 in Unarmed Combat
  7733 | D:8      | Found Hoeneeluthra's Armour Shoppe.
  8232 | D:9      | Noticed Gastronok
  8252 | D:9      | Killed from afar by Gastronok

Illustrated notes

Levels and vault maps discovered:
D:1:      ncdulo_wetmaze, layout_basic
D:2:      layout_loops_corners
D:3:      layout_basic, overflow_temple_1_default, serial_corexii_hall,
          corexii_hall_statues_l, corexii_hall_statues_l, first_ration,
          hangedman_glass_teeth, uniq_robin
D:4:      layout_cave_pods, lemuel_coloured_pillars_altar,
          evilmike_ruin_ashenzari
D:5:      layout_loops_cross, minmay_temple_entry_statues_fountains,
          portal_sewer_entry_b
D:6:      layout_loops_ring, lightli_temple_of_fire, overflow_temple_1_default,
          serial_shops, shop, minivault_5, tgw_fedhas
D:7:      minmay_opposing_rooms, layout_basic, enter_ossuary_2, the_bakery
D:8:      layout_loops_ring, serial_shops, shop
D:9:      layout_irregular_city, overflow_temple_1_default,
          grunt_dithmenos_shadows, uniq_gastronok
Temple:   eino_temple_rhombus

Skill      XL: |  1  2  3  4  5  6  7  8  9 10 |
---------------+-------------------------------+-----
Dodging        | 3 4 5 6 |  6.0
Unarmed Combat | 4 5 6 7 9 11 12 | 12.1
Fighting       | 3 4 |  4.0
Stealth        | 2 3 |  3.0
Invocations    | 3 |  3.9
Throwing       | 2 |  2.1

Action                   |  1- 3 |  4- 6 |  7- 9 | 10-12 || total
-------------------------+-------+-------+-------+-------++-------
Melee: Unarmed           |    88 |   175 |   289 |   122 ||   674
       Punch             |     3 |     2 |    13 |     6 ||    24
  Use: Potion            |       |     8 |     1 |     1 ||    10
       Scroll            |       |     9 |    10 |       ||    19
 Stab: Sleeping          |     5 |     3 |    14 |     4 ||    26
  Eat: Chunk             |    16 |    16 |    30 |    16 ||    78
       Ration            |       |       |     1 |       ||     1
Armor: Robe              |    37 |    56 |    76 |    45 ||   214
       Skin              |       |    13 |       |       ||    13
Dodge: Dodged            |    55 |   108 |   114 |    57 ||   334

Table legend:
 A = Non-vault XP
 B = Vault XP
 C = Vault XP percentage of total XP
 D = Non-vault monster count
 E = Vault monster count
 F = Vault count percentage of total count
                 A         B        C        D         E       F
            +---------+---------+-------+---------+---------+-------
      Total |    6222 |    2155 |  25.7 |     182 |      54 |  22.9
            +---------+---------+-------+---------+---------+-------
        D:1 |      41 |       0 |   0.0 |      19 |       0 |   0.0
        D:2 |      72 |       0 |   0.0 |      17 |       0 |   0.0
        D:3 |     303 |      34 |  10.1 |      40 |      10 |  20.0
        D:4 |    1149 |       0 |   0.0 |      23 |       0 |   0.0
        D:5 |     999 |       8 |   0.8 |      29 |       7 |  19.4
        D:6 |     435 |       0 |   0.0 |      10 |       0 |   0.0
        D:7 |     665 |    1432 |  68.3 |       8 |       9 |  52.9
        D:8 |    2434 |       0 |   0.0 |      32 |       0 |   0.0
        D:9 |     124 |       0 |   0.0 |       4 |       0 |   0.0
      Sewer |       0 |      27 | 100.0 |       0 |      16 | 100.0
    Ossuary |       0 |     654 | 100.0 |       0 |      12 | 100.0
            +---------+---------+-------+---------+---------+-------
